 Dungeon Sprint DCSS version 0.26-a0-1033-gd598b01645 (webtiles) character file.

Game seed: 1537660816623433685

8546 mhtbhm the Ninja (level 11, -2/56 HPs)
             Began as a Spriggan Brigand on Dec 10, 2020.
             Was the Champion of Dithmenos.
             Killed from afar by a deep elf mage (27 damage)
             ... with a lance of force
             ... in the Dungeon (Sprint III: "The Ten Rune Challenge").
             The game lasted 00:08:01 (1147 turns).

mhtbhm the Ninja (Spriggan Brigand)                 Turns: 1147, Time: 00:08:02

Health: -2/56      AC:  3    Str:  7    XL:     11   Next: 11%
Magic:  14/14      EV: 24    Int: 12    God:    Dithmenos [******]
Gold:   3476       SH:  0    Dex: 22    Spells: 10/10 levels left

rFire    . . .     SeeInvis +   a - +2 short sword (holy)
rCold    . . .     Faith    .   (shield restricted)
rNeg     . . .     Spirit   .   b - +0 robe
rPois    .         Reflect  .   (helmet restricted)
rElec    .         Harm     .   c - +0 cloak
rCorr    .         Rampage  .   (gloves unavailable)
Will     +....     NoTele   +   (boots unavailable)
Stlth    ++++++++++             (no amulet)
HPRegen  0.18/turn              (no ring)
MPRegen  0.14/turn              (no ring)

@: wreathed by umbra, very quick
A: very small, unfitting armour, see invisible, speed 3
a: Shadow Step, Shadow Form, Renounce Religion


You were in the Dungeon.
You worshipped Dithmenos.
Dithmenos was exalted by your worship.
You visited 1 branch You collected 3632 gold pieces.
You spent 156 gold pieces at shops.

Inventory:

Hand Weapons
 a - a +2 short sword of holy wrath (weapon)
Missiles
 d - 20 poisoned darts
 e - a curare-tipped dart (quivered)
Armour
 b - a +0 robe (worn)
 c - a +0 cloak (worn)
Wands
 r - a wand of paralysis (8)
Scrolls
 k - a scroll of blinking
 l - a scroll of identify
 o - 3 scrolls of remove curse
 q - a scroll of holy word
Potions
 f - a potion of curing
 g - 2 potions of heal wounds
 h - a potion of haste
 i - 2 potions of magic
 j - 2 potions of berserk rage
 m - 4 potions of mutation {unknown}
 p - 4 potions of flight
Miscellaneous
 s - a lightning rod (4/4)


   Skills:
 + Level 6.2 Fighting
 + Level 9.6 Short Blades
 + Level 13.1 Throwing
 + Level 6.9 Dodging
 O Level 27 Stealth
 + Level 2.8 Invocations
 + Level 3.9 Evocations


You had 10 spell levels left.
You didn't know any spells.
Your spell library contained the following spells:

 Spells                   Type           Power        Failure   Level
 Animate Skeleton         Necr           #.....       32%         1
 Apportation              Tloc           #.....       32%         1
 Corona                   Hex            #......      32%         1
 Summon Small Mammal      Summ           #...         32%         1
 Summon Demon             Summ           #.........   100%        5
 Summon Forest            Summ/Tloc      #.........   100%        5
 Summon Mana Viper        Hex/Summ       #.......     100%        5
 Shadow Creatures         Summ           N/A          100%        6
 Summon Hydra             Summ           #.........   100%        7


Dungeon Overview and Level Annotations

Branches:
Dungeon (1/1)

Altars:
Cheibriados
Dithmenos
Elyvilon
Fedhas
Gozag
Hepliaklqana
Kikubaaqudgha
Makhleb
Nemelex Xobeh
Okawaru
Qazlal
Ru
Sif Muna
Trog
Uskayaw
Vehumet
Wu Jian
Xom
Yredelemnul
Zin
The Shining One
Beogh
Jiyva
Lugonu

Shops:
D (


Innate Abilities, Weirdness & Mutations

You are very small and have problems with some larger weapons.
You are too small for most types of armour.
You have supernaturally acute eyesight. (SInv)
You cover ground extremely quickly.


Message History

You throw a curare-tipped dart.
The curare-tipped dart hits the deep elf mage.
The deep elf mage is poisoned.
The deep elf mage convulses.
The deep elf mage seems to slow down.
The deep elf mage is lightly wounded.
You closely miss the deep elf mage.
The deep elf mage is moderately wounded.
Your shadow hits the deep elf mage but does no damage.
The deep elf mage hits you but does no damage.
Unknown command.
You hit the deep elf mage.
The deep elf mage is moderately wounded.
Your shadow hits the deep elf mage but does no damage.
You hit the deep elf mage.
The deep elf mage is moderately wounded.
You hit the deep elf mage.
The deep elf mage is heavily wounded.
The deep elf mage gestures at you while chanting.
The lance of force hits you!!
You die...

▓▓▓ ▓▓▓▓▓▓ #
##.###############.##.#######
#####..#___#___#__#..#.#.∩#§§e†#.
.#..#..#)..#__)#._#..)))..e§##§#.
.#..#..###'#'###'##..)r)§..###.#.
.##'#..#........e.#..).)....##.#.
.###...'.⌠......@.#))#.#.##.##.+.
####...#...######'#)##.##.##.####
###....#.⌠.#__#...#)#############
##.....#...#__#...#.!..#)#)#)....
#......#'###__#...##.#.)#.##.###.
.#.....#.))#__#...'##.#.#.##.#).#
###....#___#__+...#...#..#†.##.)'
▓▓▓▓▓▓▓▓▓▓▓▓▓▓▓▓▓▓▓▓▓▓▓▓▓▓▓▓▓▓#
♣≈≈≈........≈≈≈...#


You could see a deep elf mage (poisoned, slow).

Vanquished Creatures
  Frances (D)
  Donald (D)
  Erolcha (D)
  An orc high priest (D)
  An orc sorcerer (D)
  2 deep elf magi (D)
  An orc knight (D)
  3 wandering mushrooms (D)
  2 redbacks (D)
  A shadow (D)
  2 orc warriors (D)
  A necrophage (D)
  5 two-headed ogres (D)
  A water elemental (D)
  A scorpion (D)
  An orc priest (D)
  A wizard (D)
  A jelly (D)
  2 orc wizards (D)
  A necromancer (D)
  3 humans (D)
  A kobold demonologist (D)
  2 oozes (D)
  10 orcs (D)
  2 rats (D)
48 creatures vanquished.

Notes
Turn   | Place    | Note
-------+----------+-------------------------------------------
     0 | D        | mhtbhm the Spriggan Brigand began the quest for the Orb.
     0 | D        | Reached XP level 1. HP: 10/10 MP: 2/2
    10 | D        | Reached skill level 7 in Stealth
    12 | D        | Reached skill level 8 in Stealth
    12 | D        | Reached XP level 2. HP: 15/15 MP: 3/3
    78 | D        | Reached skill level 10 in Stealth
    78 | D        | Reached XP level 3. HP: 18/18 MP: 4/4
   148 | D        | Noticed a scorpion
   162 | D        | Killed a scorpion
   163 | D        | Reached skill level 12 in Stealth
   163 | D        | Reached XP level 4. HP: 23/23 MP: 5/5
   215 | D        | Noticed a water elemental
   218 | D        | Killed a water elemental
   219 | D        | Reached skill level 13 in Stealth
   227 | D        | Found a basalt altar of Yredelemnul.
   227 | D        | Found a shadowy altar of Dithmenos.
   227 | D        | Found a sacrificial altar of Ru.
   227 | D        | Noticed a necrophage
   230 | D        | Reached skill level 14 in Stealth
   230 | D        | Reached XP level 5. HP: 28/28 MP: 6/6
   230 | D        | Killed a necrophage
   231 | D        | Reached skill level 15 in Stealth
   236 | D        | Became a worshipper of Dithmenos the Shadowed
   248 | D        | Found a glowing silver altar of Zin.
   249 | D        | Found a glowing golden altar of the Shining One.
   249 | D        | Found a white marble altar of Elyvilon.
   249 | D        | Noticed a deep elf mage
   251 | D        | Killed a deep elf mage
   252 | D        | Reached skill level 5 in Throwing
   252 | D        | Reached skill level 19 in Stealth
   252 | D        | Reached XP level 6. HP: 33/33 MP: 7/7
   252 | D        | Reached XP level 7. HP: 37/37 MP: 8/8
   262 | D        | Found a radiant altar of Vehumet.
   262 | D        | Found a shimmering blue altar of Sif Muna.
   262 | D        | Found an ancient bone altar of Kikubaaqudgha.
   266 | D        | Reached * piety under Dithmenos
   267 | D        | Reached skill level 5 in Short Blades
   285 | D        | Found a hide-covered altar of Uskayaw.
   285 | D        | Found an iron altar of Okawaru.
   286 | D        | Found a roughly hewn altar of Beogh.
   286 | D        | Found a bloodstained altar of Trog.
   286 | D        | Found an ornate altar of the Wu Jian Council.
   286 | D        | Noticed a human
   286 | D        | Noticed a human
   288 | D        | Killed a human
   289 | D        | Reached skill level 20 in Stealth
   316 | D        | Killed a human
   447 | D        | Noticed a shadow
   449 | D        | Killed a shadow
   449 | D        | Reached ** piety under Dithmenos
   450 | D        | Reached skill level 21 in Stealth
   450 | D        | Reached XP level 8. HP: 42/42 MP: 9/9
   457 | D        | Found a blossoming altar of Fedhas.
   457 | D        | Found a stormy altar of Qazlal.
   457 | D        | Found a snail-covered altar of Cheibriados.
   457 | D        | Found a burning altar of Makhleb.
   457 | D        | Found a shimmering altar of Xom.
   458 | D        | Found a hazy altar of Hepliaklqana.
   458 | D        | Found an opulent altar of Gozag.
   458 | D        | Found a sparkling altar of Nemelex Xobeh.
   458 | D        | Found a corrupted altar of Lugonu.
   458 | D        | Found a viscous altar of Jiyva.
   646 | D        | Reached *** piety under Dithmenos
   647 | D        | Reached skill level 22 in Stealth
   649 | D        | Noticed a two-headed ogre
   652 | D        | Killed a two-headed ogre
   656 | D        | Noticed a two-headed ogre
   656 | D        | Noticed Erolcha
   658 | D        | Killed Erolcha
   659 | D        | Reached skill level 5 in Fighting
   659 | D        | Reached skill level 24 in Stealth
   659 | D        | Reached XP level 9. HP: 47/47 MP: 10/10
   659 | D        | Killed a two-headed ogre
   685 | D        | Reached **** piety under Dithmenos
   686 | D        | Reached skill level 25 in Stealth
   712 | D        | Noticed Donald
   712 | D        | Noticed Frances
   714 | D        | Killed Frances
   715 | D        | Reached skill level 5 in Dodging
   715 | D        | Reached skill level 27 in Stealth
   715 | D        | Reached XP level 10. HP: 47/51 MP: 6/11
   716 | D        | Killed Donald
   717 | D        | Reached skill level 1 in Invocations
   717 | D        | Reached skill level 1 in Evocations
   819 | D        | Noticed an orc high priest
   821 | D        | Reached ***** piety under Dithmenos
   821 | D        | Killed an orc high priest
   825 | D        | Found Jutsugi's Antique Weapon Emporium.
   825 | D        | Noticed an orc sorcerer
   826 | D        | Killed an orc sorcerer
   841 | D        | Noticed an orc knight
   845 | D        | Reached XP level 11. HP: 56/56 MP: 13/13
   847 | D        | Killed an orc knight
   867 | D        | Reached ****** piety under Dithmenos
   928 | D        | Bought a glowing short sword for 156 gold pieces
   962 | D        | Noticed a deep elf knight
   962 | D        | Noticed a deep elf mage
   962 | D        | Noticed a deep elf mage
   962 | D        | Noticed a deep elf mage
   962 | D        | Noticed a deep elf mage
  1042 | D        | Killed a deep elf mage
  1147 | D        | Killed from afar by a deep elf mage

Illustrated notes

Levels and vault maps discovered:
D:        dungeon_sprint_mu [sprint_mu_entry_cave, sprint_mu_temple_rooms,
          sprint_mu_d1_spiders, sprint_mu_d2_genie, sprint_mu_d3_branching,
          sprint_mu_orc_legion, sprint_mu_elf_gauntlet, sprint_mu_hive_nellie,
          sprint_mu_lair_fedhas, sprint_mu_vaults_butterflies,
          sprint_mu_slime_circle, sprint_mu_shoals_kraken,
          sprint_mu_snake_twists, sprint_mu_blade_basic,
          sprint_mu_crypt_fortress, sprint_mu_tomb_spiral,
          sprint_mu_vestibule_basic, sprint_mu_gehenna_hellfire,
          sprint_mu_dis_giant, sprint_mu_tartarus_statrot,
          sprint_mu_cocytus_islands, sprint_mu_zot1]

Skill      XL: |  1  2  3  4  5  6  7  8  9 10 11 |
---------------+----------------------------------+-----
Stealth        | 8 10 12 14 19 21 24 27 | 27.0
Fighting       | 2 4 5 6 |  6.2
Short Blades   | 3 4 5 6 9 |  9.6
Throwing       | 3 5 6 7 9 12 13 | 13.1
Dodging        | 2 3 4 5 6 |  6.9
Invocations    | 2 |  2.8
Evocations     | 3 |  3.9

Action                   |  1- 3 |  4- 6 |  7- 9 | 10-12 || total
-------------------------+-------+-------+-------+-------++-------
Melee: Dagger            |    10 |     4 |    18 |    22 ||    54
       Short sword       |       |       |       |    18 ||    18
Throw: Dart              |     6 |       |    10 |    18 ||    34
Invok: Shadow Step       |       |       |     1 |     1 ||     2
Evoke: Wand              |       |       |     1 |     1 ||     2
       Lightning rod     |       |       |       |     3 ||     3
  Use: Scroll            |       |       |       |     4 ||     4
 Stab: Sleeping          |     4 |     4 |    13 |     4 ||    25
       Paralysed         |       |       |       |     1 ||     1
Dodge: Dodged            |     3 |       |     2 |    11 ||    16

Table legend: (Time is in decaauts)
 A = Elapsed time spent in this place.
 B = Non-inter-level travel time spent in this place.
 C = Inter-level travel time spent in this place.
 D = Time resting spent in this place.
 E = Time spent auto-exploring this place.
 F = Levels seen in this place.
 G = Mean time per level.
                   A        B        C        D        E       F      G
               +--------+--------+--------+--------+--------+-----+--------+
         Total |    926 |    926 |      0 |    484 |      8 |   1 |  926.0 |
       Dungeon |    926 |    926 |      0 |    484 |      8 |   1 |  926.0 |
               +--------+--------+--------+--------+--------+-----+--------+

Top non-repeatable levels by time:
       D: 926 daAuts
